 Dungeon Crawl Stone Soup version 0.26.1-11-gd32895ea62 (webtiles) character file.

Game seed: 6359764297575975958

47 H0rd4k the Insei (level 3, 0/23 HPs)
             Began as an Octopode Transmuter on Apr 30, 2021.
             Slain by an adder (3 damage)
             ... on level 2 of the Dungeon.
             The game lasted 00:00:46 (1512 turns).

H0rd4k the Insei (Octopode Transmuter)              Turns: 1512, Time: 00:00:47

Health: 0/23       AC:  1    Str:  9    XL:     3   Next: 70%
Magic:  5/6        EV: 13    Int: 16    God:
Gold:   49         SH:  0    Dex: 12    Spells: 5/6 levels left

rFire    . . .     SeeInvis .     - Unarmed
rCold    . . .     Faith    .   (no shield)
rNeg     . . .     Spirit   .   (helmet currently unavailable)
rPois    .         Reflect  .   (no amulet)
rElec    .         Harm     .   (no ring)
rCorr    .         Rampage  .   (no ring)
Will     .....                  (no ring)
Stlth    +++.......             (no ring)
HPRegen  0.07/turn              (no ring)
MPRegen  0.10/turn              (no ring)
                                (no ring)
                                (no ring)

@: lethally poisoned (0 -> -4), appendages, attractive
A: almost no armour, stealthy swim, amphibious, 8 rings, constrict 8, tentacle
spike 3, camouflage 1, gelatinous body 1
a: End Transformation


You were on level 2 of the Dungeon.
One of your tentacles had a temporary spike.
You visited 1 branch of the dungeon, and saw 2 of its levels.

You collected 49 gold pieces.

Inventory:

Missiles
 e - 3 curare-tipped darts
 h - 3 atropa-tipped darts
Scrolls
 a - 3 scrolls of teleportation {unknown}
 c - a scroll of enchant weapon {unknown}
 g - a scroll of remove curse {unknown}
 i - 2 scrolls of fear {unknown}
 k - a scroll of fog {unknown}
Potions
 b - a potion of heal wounds {unknown}
 d - a potion of attraction
 f - a potion of haste {unknown}
 j - a potion of flight {unknown}


   Skills:
 + Level 1.0 Fighting
 + Level 2.3 Dodging
 + Level 1.5 Stealth
 + Level 3.8 Unarmed Combat
 + Level 2.2 Spellcasting
 + Level 2.1 Transmutations


You had 5 spell levels left.
You knew the following spells:

 Your Spells              Type           Power        Failure   Level
a - Beastly Appendage     Tmut           16%          9%          1

Your spell library contained the following spells:

 Spells                   Type           Power        Failure   Level
 Wereblood                Tmut           8%           13%         2
 Spider Form              Tmut/Pois      2%           36%         3
 Ice Form                 Ice/Tmut       5%           78%         4
 Blade Hands              Tmut           4%           93%         5


Dungeon Overview and Level Annotations

Branches:
Dungeon (2/15)

Altars:
Trog
Vehumet


Innate Abilities, Weirdness & Mutations

You cannot wear most types of armour.
You are very stealthy in the water. (Stealth+)
You are amphibious.
You can wear up to eight rings at the same time.
You can use your tentacles to constrict eight enemies at once.
Your skin changes colour to match your surroundings (Stealth+).
Your rubbery body absorbs attacks. (AC +1, EV +1)
One of your tentacles bears a large vicious spike.


Message History

You are poisoned.
The adder poisons you!
Casting: Beastly Appendage (safe; 9% risk of failure)
Confirm with . or Enter, or press ? or * to list all spells.
One of your tentacles grows a vicious spike.
* * * LOW HITPOINT WARNING * * *
You feel sick. The adder bites you but does no damage.
You tentacle-slap the adder. Your grab misses the adder.
The adder is lightly wounded.
The adder bites you.
* * * LOW HITPOINT WARNING * * *
You tentacle-slap the adder. Your grab misses the adder.
Your tentacle spike misses the adder.
Your squeeze misses the adder.
The adder is heavily wounded.
* * * LOW HITPOINT WARNING * * *
You feel sick. The adder closely misses you.
It was a potion of attraction.
You feel attractive to monsters. The adder bites you.
You die...

#.......#
#.#####.# #.#
.# #.# .. ##†#
# #..# #.## .
#.# .# #### #@#
..# #...
#S###....?
#...##g......#
#(.....##..###
#...#...†...#
##........#.#
###..#####...
#$)†.........
#....##.(######


You could see an adder and a goblin.

Vanquished Creatures
  An adder (D:2)
  An ooze (D:1)
  A worm (D:2)
  A dart slug (D:2)
  A leopard gecko (D:1)
  4 bats
  2 giant cockroaches
  A goblin (D:1)
  2 hobgoblins (D:1)
  3 jackals (D:1)
  5 kobolds
  A ball python (D:2)
  A frilled lizard (D:2)
  3 rats (D:1)
27 creatures vanquished.

Notes
Turn   | Place    | Note
-------+----------+-------------------------------------------
     0 | D:1      | H0rd4k the Octopode Transmuter began the quest for the Orb.
     0 | D:1      | Reached XP level 1. HP: 13/13 MP: 3/3
   185 | D:1      | Reached XP level 2. HP: 10/18 MP: 5/5
   760 | D:1      | Reached XP level 3. HP: 5/23 MP: 6/6
  1287 | D:2      | Found a radiant altar of Vehumet.
  1297 | D:2      | Found a bloodstained altar of Trog.
  1328 | D:2      | Reached skill level 1 in Stealth
  1512 | D:2      | Slain by an adder

Illustrated notes

Levels and vault maps discovered:
D:1:      dpeg_arrival_chambers_temple_mockup, layout_basic, minmay_domino_4
D:2:      layout_rooms, chequers_temple_overflow_statue_of_worship,
          minmay_3d_cube, uniq_jessica

Skill      XL: |  1  2  3 |
---------------+----------+-----
Stealth        | 1 |  1.5
Fighting       | |  1.0
Dodging        | |  2.3
Unarmed Combat | |  3.8
Spellcasting   | |  2.2
Transmutations | |  2.1

Action                   || total
-------------------------++-------
Melee: Unarmed           ||    64
       Constrict         ||    18
       Tentacles         ||    10
       Punch             ||     2
       Kick              ||     1
 Cast: Beastly Appendage ||     2
  Use: Potion            ||     1
 Stab: Sleeping          ||     6
Armor: Skin              ||     8
Dodge: Dodged            ||    46
